 Dungeon Crawl Stone Soup version 0.25.0-26-g0c896c7088 (webtiles) character file.

Game seed: 7826051402336392534

36 lepoulpe303 the Sneak (level 3, -1/18 HPs)
             Began as a Spriggan Assassin on June 30, 2020.
             Slain by a gnoll
             ... wielding a +0 halberd
              (5 damage)
             ... on level 3 of the Dungeon.
             The game lasted 00:03:36 (1022 turns).

lepoulpe303 the Sneak (Spriggan Assassin)           Turns: 1022, Time: 00:03:37

Health: -1/18      AC:  3    Str:  8    XL:     3   Next: 19%
Magic:  4/4        EV: 17    Int: 12    God:
Gold:   91         SH:  0    Dex: 17    Spells: 2/2 levels left

rFire    . . .     SeeInvis +   a - +2 dagger
rCold    . . .     Gourm    .   (shield restricted)
rNeg     . . .     Faith    .   b - +0 robe
rPois    .         Spirit   .   (helmet restricted)
rElec    .         Reflect  .   c - +0 cloak
rCorr    .         Harm     .   (gloves unavailable)
MR       .....                  (boots unavailable)
Stlth    +++.......             (no amulet)
HPRegen  0.06/turn              (no ring)
MPRegen  0.09/turn              (no ring)

@: very quick
A: very small, unfitting armour, see invisible, herbivore, speed 3, slow
metabolism 2
a: no special abilities


You were on level 3 of the Dungeon.
You were not hungry.

You visited 1 branch of the dungeon, and saw 3 of its levels.

You collected 91 gold pieces.

Inventory:

Hand Weapons
 a - a +2 dagger (weapon)
Missiles
 d - 3 poisoned darts (quivered)
 f - 2 curare-tipped darts
 k - 8 boomerangs
Armour
 b - a +0 robe (worn)
 c - a +0 cloak (worn)
Scrolls
 h - 2 scrolls of teleportation {unknown}
 j - 2 scrolls of immolation {unknown}
 p - a scroll of magic mapping {unknown}
 q - a scroll of remove curse {unknown}
 r - a scroll of enchant armour {unknown}
 s - a scroll of enchant weapon {unknown}
 t - a scroll of identify {unknown}
 u - a scroll of blinking {unknown}
Potions
 g - a potion of stabbing {unknown}
 i - a potion of might {unknown}
 l - 2 potions of flight {unknown}
 m - a potion of curing {unknown}
 n - a potion of haste {unknown}
 o - 2 potions of lignification {unknown}
Comestibles
 e - 3 rations


   Skills:
 + Level 1.8 Fighting
 * Level 3.0 Short Blades
 + Level 2.2 Throwing
 + Level 2.4 Dodging
 + Level 6.1 Stealth


You had 2 spell levels left.
You didn't know any spells.
Your spell library was empty.

Dungeon Overview and Level Annotations

Branches:
Dungeon (2/15)

Altars:

Annotations:
D:3 Robin


Innate Abilities, Weirdness & Mutations

You are very small and have problems with some larger weapons.
You are too small for most types of armour.
You have supernaturally acute eyesight. (SInv)
You are a herbivore.
You cover ground extremely quickly.
You need to consume almost no food.


Message History

* * * LOW HITPOINT WARNING * * *
The gnoll misses you.
You take 4 damage, and have 8/18 hp.
MASSIVE DAMAGE!!
You see here a jackal corpse.
You completely miss the gnoll.
The goblin no longer looks unusually strong.
The gnoll barely misses you. The goblin closely misses you.
You hit the gnoll but do no damage. The gnoll misses you.
The goblin hits you but does no damage.
You closely miss the gnoll. The gnoll completely misses you.
The goblin hits you with a cursed +0 dagger.
* * * LOW HITPOINT WARNING * * *
You take 3 damage, and have 5/18 hp.
You completely miss the gnoll. You barely miss the gnoll.
The goblin hits you with a cursed +0 dagger.
* * * LOW HITPOINT WARNING * * *
The gnoll hits you with a +0 halberd.
You die...

..#####.......#...
#....##### #
#.....#.##
..#####g# ###.#
#gg.# #g### #g#
#@# #g# #(# #(#
..# .... ....#
.....# #.....#


You could see Robin, 2 gnolls, a hobgoblin and a goblin.

Levels and vault maps discovered:
D:1:      psy_arrival_conway, layout_basic, st_stairs_9
D:2:      layout_loops_ring, chequers_ecumenical_altar_simple,
          nicolae_ru_awakened_eye
D:3:      layout_rooms, nicolae_overflow_crystal_walls, marbit_many_paths,
          old_standard_altar, gup_sewer_entry_pipe, uniq_robin

Notes
Turn   | Place    | Note
-------+----------+-------------------------------------------
     0 | D:1      | lepoulpe303 the Spriggan Assassin began the quest for the
                  | Orb.
     0 | D:1      | Reached XP level 1. HP: 10/10 MP: 2/2
   177 | D:1      | Identified a +0 club
   373 | D:1      | Identified a +0 dagger
   432 | D:1      | Identified a +0 club
   544 | D:1      | Reached XP level 2. HP: 15/15 MP: 3/3
   571 | D:1      | Identified a cursed -1 club
   578 | D:1      | Reached skill level 6 in Stealth
   599 | D:1      | Identified a +0 club
   638 | D:1      | Reached skill level 2 in Dodging
   807 | D:2      | Identified a +0 dagger
   860 | D:2      | Identified a +0 short sword
   860 | D:2      | Identified a +0 hunting sling
   892 | D:2      | You fall into a shaft and drop 1 floor!
   893 | D:3      | Identified a +0 club
   893 | D:3      | Identified a cursed -2 club
   948 | D:3      | Identified a +0 mace
   949 | D:3      | Identified a +0 dagger
   977 | D:3      | Reached skill level 3 in Short Blades
   977 | D:3      | Reached XP level 3. HP: 10/18 MP: 4/4
   987 | D:3      | Identified a cursed +0 dagger
   988 | D:3      | Identified a +0 club
   988 | D:3      | Identified a +0 club
   988 | D:3      | Identified a +0 club
   988 | D:3      | Identified a +0 animal skin
   988 | D:3      | Identified a +1 helmet
   988 | D:3      | Noticed Robin
   989 | D:3      | Identified a +0 club
  1007 | D:3      | Identified a +0 halberd
  1007 | D:3      | Identified an uncursed amulet of reflection
  1022 | D:3      | HP: 4/18 [goblin/cursed +0 dagger[Robin] (1)]
  1022 | D:3      | Slain by a gnoll

Table legend:
 A = Turns spent in this place as a percentage of turns spent in the entire game.
 B = Non-inter-level travel turns spent in this place as a percentage of non-inter-level travel turns spent in the entire game.
 C = Inter-level travel turns spent in this place as a percentage of turns spent in this place.
 D = Turns resting spent in this place as a percentage of non-inter-level travel turns spent in this place.
 E = Turns spent auto-exploring this place as a percentage of non-inter-level travel turns spent in this place.
 F = Non-inter-level travel turns spent in this place divided by the number of levels of this place that you've seen.
                   A       B       C       D       E      F
               +-------+-------+-------+-------+-------+----------------------
         Total | 100.0 | 100.0 |   4.6 |   5.8 |  64.6 | 325.0
       Dungeon | 100.0 | 100.0 |   4.6 |   5.8 |  64.6 | 325.0
               +-------+-------+-------+-------+-------+----------------------

Table legend:
 A = Kills in this place as a percentage of kills in entire the game.
 B = Kills by you in this place as a percentage of kills by you in the entire game.
 C = Kills by friends in this place as a percentage of kills by friends in the entire game.
 D = Other kills in this place as a percentage of other kills in the entire game.
 E = Experience gained in this place as a percentage of experience gained in the entire game.
 F = Experience gained in this place divided by the number of levels of this place that you have seen.
                   A       B       C       D       E      F
               +-------+-------+-------+-------+-------+----------------------
         Total | 100.0 | 100.0 |   N/A |   N/A | 100.0 |  17.3
       Dungeon | 100.0 | 100.0 |   N/A |   N/A | 100.0 |  17.3
               +-------+-------+-------+-------+-------+----------------------

Skill      XL: |  1  2 |
---------------+-------+-----
Stealth        | 6 |  6.1
Dodging        | 2 |  2.4
Short Blades   | 3 |  3.0
Fighting       | |  1.8
Throwing       | |  2.2

Action                   || total
-------------------------++-------
Melee: Dagger            ||    41
Throw: Dart              ||    18
       Boomerang         ||     2
 Stab: Sleeping          ||    12
Armor: Robe              ||     2
Dodge: Dodged            ||    25

Vanquished Creatures
  A gnoll (D:3)
  4 bats (D:1)
  A giant cockroach (D:3)
  4 goblins
  6 hobgoblins
  2 jackals (D:3)
  2 frilled lizards (D:1)
  3 kobolds
  A rat (D:1)
24 creatures vanquished.
